[Event "Team 45 45 League T49"]
[Site "Internet Chess Club"]
[Date "2011.07.02"]
[Round "8"]
[White "Geeloo"]
[Black "TerryMalloy"]
[Result "1/2-1/2"]
[WhiteElo "2061"]
[BlackElo "2056"]
[Opening "Petrov: Nimzovich attack"]
[ECO "C42"]
[Time "16:07:41"]
[TimeControl "2700+45"]

1. e4 e5 2. Nf3 Nf6 3. Nxe5 d6 4. Nf3 Nxe4 5. Nc3 Nxc3 6. dxc3 Be7 7. Be3 Nd7 8.
Qd2 Nc5 9. O-O-O Be6 10. Kb1 c6 11. Nd4 Qa5 12. Nxe6 Nxe6 13. Be2 O-O-O 14. Rhe1
Rhe8 15. g3 Bf6 16. h4 Kb8 17. Qd3 d5 18. Qxh7 Nc5 19. Bg5 Bxg5 20. hxg5 Ne4 21.
Qxg7 Nxf2 22. Rc1 Qc7 23. Bh5 Ne4 24. Bxf7 Nxg5 25. Qxg5 Qxf7 26. Rf1 Qe7 27.
Rf6 Rd6 28. Rg6 Qxg5 29. Rxg5 Re2 30. Rg7 Rf6 31. g4 Rff2 32. g5 Rg2 33. g6 Re6
34. Rg8+ Kc7 35. g7 Reg6 36. a3 {Game drawn by mutual agreement} 1/2-1/2

[Event "Team 45 45 League T49"]
[Site "Internet Chess Club"]
[Date "2011.07.04"]
[Round "8"]
[White "JeeniousChess"]
[Black "bogolijubov"]
[Result "1/2-1/2"]
[WhiteElo "1830"]
[BlackElo "1853"]
[Opening "Grünfeld: exchange variation"]
[ECO "D85"]
[Time "16:20:55"]
[TimeControl "2700+45"]

1. d4 Nf6 2. c4 g6 3. Nc3 d5 4. cxd5 Nxd5 5. e4 Nxc3 6. bxc3 Bg7 7. Bg5 c5 8.
Rc1 Qa5 9. Qd2 Nc6 10. d5 Ne5 11. Be2 Bd7 12. f4 Ng4 13. Nf3 h6 14. Bh4 Bb5 15.
Bxb5+ Qxb5 16. c4 Qb4 17. Qxb4 cxb4 18. Ke2 Bc3 19. h3 Nf6 20. Bxf6 exf6 21. Kd3
Kd7 22. Nd4 g5 23. fxg5 hxg5 24. Rhf1 Rh6 25. Rb1 a5 26. c5 Rc8 27. Nf5 Rhh8 28.
Kc4 Rhe8 29. Nd6 Rxc5+ 30. Kxc5 b6+ 31. Kc4 Kxd6 32. Kd3 b5 33. Rbc1 g4 34. h4
Rh8 35. g3 Be5 36. Rc6+ Ke7 37. Ke3 a4 38. Rb1 Bd6 39. Kd3 Rb8 40. Ke3 Bxg3 41.
Rxb4 Bd6 42. Rb1 b4 43. h5 Rh8 44. Rh1 b3 45. Ra6 b2 46. Ra7+ Kf8 47. Rb7 a3 48.
h6 g3 49. Kf3 Rg8 50. Kg2 Rh8 51. Rb6 Ke7 52. Rb7+ Kf8 53. Kf3 Rg8 54. Rg1 g2
55. Rxg2 Rxg2 56. Kxg2 Kg8 57. Kh3 Kh7 58. Rxf7+ Kg6 59. Rb7 Kxh6 60. Kg4 Kg6
61. Rb6 Bc7 62. Rb7 Bd6 63. Rb5 Be5 64. Kf3 f5 65. Ke3 f4+ 66. Ke2 Kf6 67. Rb6+
Kg5 68. Kf3 Bc7 69. Rb5 Kf6 70. Rb7 Ke5 71. Rb4 Bd6 72. Rb6 Bc7 73. Rb4 Bd6
{Game drawn by mutual agreement} 1/2-1/2

[Event "Team 45 45 League T49"]
[Site "Internet Chess Club"]
[Date "2011.07.02"]
[Round "8"]
[White "perikitosax"]
[Black "livis"]
[Result "1-0"]
[WhiteElo "2128"]
[BlackElo "1998"]
[Opening "Dutch: classical variation"]
[ECO "A96"]
[Time "15:04:57"]
[TimeControl "2700+45"]

1. d4 e6 2. c4 f5 3. g3 Nf6 4. Bg2 d6 5. Nf3 Be7 6. O-O O-O 7. Nc3 c6 8. Qc2 d5
9. Ne5 Nbd7 10. cxd5 cxd5 11. Bf4 Nxe5 12. dxe5 Ne8 13. h4 Bd7 14. Qb3 Bc6 15.
Nb5 Kh8 16. Nd4 Qd7 17. Rfc1 Ba4 18. Qd3 h6 19. h5 a6 20. Qc3 a5 21. b3 Bb5 22.
a4 Bb4 23. Qc2 Ba6 24. Bd2 Bxd2 25. Qxd2 b6 26. Rc6 Nc7 27. Rac1 Rfc8 28. Rxb6
Qf7 29. Bf3 Ne8 30. Rxe6 Rxc1+ 31. Qxc1 Rc8 32. Qd2 Bb7 33. Qxa5 f4 34. Qb4 Rc7
35. Qb5 Rc8 36. Qb6 fxg3 37. fxg3 Ba8 38. Qb4 Nc7 39. Re7 Qf8 40. Qd6 Ne8 41.
Qd7 Rb8 42. Ne6 Qg8 43. Nd4 Qf8 44. a5 Bb7 45. b4 Nf6 46. exf6 Qxf6 47. Re8+
Rxe8 48. Qxe8+ Kh7 49. Qg6+ Qxg6 50. hxg6+ Kxg6 51. b5 {Black resigns} 1-0

[Event "Team 45 45 League T49"]
[Site "Internet Chess Club"]
[Date "2011.07.03"]
[Round "8"]
[White "MtzKid"]
[Black "CapitanTrueno"]
[Result "1-0"]
[WhiteElo "1752"]
[BlackElo "1769"]
[Opening "Scotch gambit: Dubois-Réti defense"]
[ECO "C55"]
[Time "12:00:13"]
[TimeControl "2700+45"]

1. e4 e5 2. Nf3 Nc6 3. d4 exd4 4. Bc4 Nf6 5. e5 d5 6. Bb5 Ne4 7. Nxd4 Bd7 8.
Bxc6 bxc6 9. O-O Be7 10. f3 Nc5 11. f4 O-O 12. f5 Ne4 13. Nc3 Nxc3 14. bxc3 c5
15. Nb3 c4 16. Nd4 c5 17. Ne2 Bc6 18. f6 gxf6 19. Bh6 fxe5 20. Nd4 Bd7 21. Nf5
Bxf5 22. Rxf5 f6 23. Qg4+ Kf7 24. Bxf8 Qxf8 25. Raf1 Qg7 26. Rg5 Qh6 27. Rxe5
Rd8 28. Qe6+ {Black resigns} 1-0

[Event "Team 45 45 League T49"]
[Site "Internet Chess Club"]
[Date "2011.07.02"]
[Round "8"]
[White "Tamarin"]
[Black "IceBox"]
[Result "0-1"]
[WhiteElo "1805"]
[BlackElo "1762"]
[Opening "Queen's pawn game"]
[ECO "E10"]
[Time "03:30:09"]
[TimeControl "2700+45"]

1. d4 Nf6 2. c4 e6 3. Nf3 d5 4. e3 Be7 5. Nc3 O-O 6. Qc2 b6 7. cxd5 exd5 8. Bd3
Ba6 9. O-O Bxd3 10. Qxd3 c6 11. e4 dxe4 12. Nxe4 Qd5 13. Re1 Nxe4 14. Rxe4 Bf6
15. Rg4 Nd7 16. Bg5 Rfe8 17. Bxf6 Nxf6 18. Rg5 Qe4 19. Qc4 Rad8 20. Ne5 Qd5 21.
Qxc6 Qxd4 22. h3 Rxe5 23. Qxf6 Re1+ 24. Rxe1 Qxf6 25. Rge5 g6 26. Re7 Rd2 27.
Rxa7 Qxf2+ {White resigns} 0-1

[Event "Team 45 45 League T49"]
[Site "Internet Chess Club"]
[Date "2011.07.01"]
[Round "8"]
[White "andrew32"]
[Black "room-matt"]
[Result "1-0"]
[WhiteElo "1671"]
[BlackElo "1670"]
[Opening "Ruy Lopez: classical defense, Benelux variation"]
[ECO "C64"]
[Time "15:18:06"]
[TimeControl "2700+45"]

1. e4 e5 2. Nf3 Nc6 3. Bb5 Bc5 4. O-O Nf6 5. c3 O-O 6. d4 Bb6 7. Re1 d6 8. Bxc6
bxc6 9. Na3 Re8 10. dxe5 Ng4 11. Re2 Ba6 12. c4 dxe5 13. Qc2 Qf6 14. h3 Nh6 15.
Bg5 Qg6 16. Rd1 f6 17. Qa4 fxg5 18. Qxa6 c5 19. Qb7 Rab8 20. Qd5+ Nf7 21. Red2
c6 22. Qd7 Rbd8 23. Qb7 h5 24. Rxd8 Nxd8 25. Qd7 Rf8 26. Nxe5 Qxe4 27. Qe7 Qe3
28. fxe3 {Black resigns} 1-0

[Event "Team 45 45 League T49"]
[Site "Internet Chess Club"]
[Date "2011.07.03"]
[Round "8"]
[White "badmove"]
[Black "Andressa"]
[Result "1-0"]
[WhiteElo "1776"]
[BlackElo "1451"]
[Opening "Ruy Lopez: old Steinitz defense"]
[ECO "C62"]
[Time "11:04:42"]
[TimeControl "2700+45"]

1. e4 e5 2. Nf3 Nc6 3. Bb5 d6 4. d4 Bd7 5. Nc3 a6 6. Bxc6 Bxc6 7. dxe5 dxe5 8.
Qxd8+ Rxd8 9. Nxe5 Bb4 10. Nxc6 bxc6 11. Bd2 Nf6 12. f3 O-O 13. O-O-O h6 14.
Rhe1 Nd7 15. Re2 Bd6 16. g3 f5 17. f4 fxe4 18. Nxe4 Nf6 19. Nxf6+ Rxf6 20. Bc3
Rf7 21. Red2 Re8 22. Rd3 Rf5 23. Re1 Ref8 24. Rde3 Kh7 25. Re8 R8f7 26. Ra8 Rh5
27. h4 Bc5 28. Re2 Rd5 29. b3 Rfd7 30. Kb2 Rd1 31. Re1 R1d6 32. Ree8 Bf2 33. f5
Rf7 34. Rh8# {Black checkmated} 1-0

[Event "Team 45 45 League T49"]
[Site "Internet Chess Club"]
[Date "2011.07.01"]
[Round "8"]
[White "Juan73"]
[Black "MateIn42"]
[Result "1-0"]
[WhiteElo "1665"]
[BlackElo "1387"]
[Opening "Ruy Lopez: exchange variation"]
[ECO "C68"]
[Time "19:21:08"]
[TimeControl "2700+45"]

1. e4 e5 2. Nf3 Nc6 3. Bb5 a6 4. Bxc6 dxc6 5. Nxe5 Qd4 6. Nf3 Qxe4+ 7. Qe2 Nf6
8. Qxe4+ Nxe4 9. O-O Bc5 10. d4 Be7 11. Re1 Bf5 12. c3 O-O-O 13. Ne5 Nd6 14. b3
f6 15. Nxc6 bxc6 16. Rxe7 Rde8 17. Rxe8+ Rxe8 18. Be3 Bg6 19. Nd2 Nf5 20. Re1
Nxe3 21. Rxe3 Rxe3 22. fxe3 Bf7 23. Kf2 Kd7 24. Kf3 Ke6 25. Ne4 a5 26. Kf4 Bg6
27. a4 Bxe4 28. Kxe4 f5+ 29. Kf4 h6 30. b4 g5+ 31. Kf3 axb4 32. cxb4 Kd7 33. h4
Kc8 34. hxg5 hxg5 35. g4 fxg4+ 36. Kxg4 {Black resigns} 1-0

[Event "Team 45 45 League T49"]
[Site "Internet Chess Club"]
[Date "2011.07.03"]
[Round "8"]
[White "katikus"]
[Black "ryan2chess"]
[Result "1-0"]
[WhiteElo "1734"]
[BlackElo "1872"]
[Opening "Sicilian: Alapin's variation (2.c3)"]
[ECO "B22"]
[Time "12:00:08"]
[TimeControl "2700+45"]

1. e4 c5 2. c3 Nf6 3. e5 Nd5 4. d4 cxd4 5. Nf3 Nc6 6. Bc4 Nb6 7. Bb3 dxc3 8.
Nxc3 g6 9. O-O Bg7 10. a4 a5 11. Re1 O-O 12. Bg5 Kh8 13. Qd2 f6 14. exf6 Bxf6
15. Bxf6+ Rxf6 16. Ne4 Rf5 17. Qc3+ e5 18. Nd6 Rf6 19. Nxe5 Nxe5 20. Qxe5 Kg7
21. Ne8+ Kh6 22. Qxf6 Qxf6 23. Nxf6 d6 24. Re8 Kg7 25. Nd5 Nd7 26. Rae1 Nc5 27.
R1e7+ Kh6 28. Nb6 Ra6 29. Nxc8 Nxb3 30. h3 Nc5 31. Rc7 Nxa4 32. Ree7 Nxb2 33. f4
g5 34. Re6+ Kh5 35. Rxh7# {Black checkmated} 1-0

[Event "Team 45 45 League T49"]
[Site "Internet Chess Club"]
[Date "2011.07.04"]
[Round "8"]
[White "Nikhil03"]
[Black "AVEMARIA"]
[Result "1-0"]
[WhiteElo "1687"]
[BlackElo "1713"]
[Opening "French: advance variation"]
[ECO "C02"]
[Time "18:00:49"]
[TimeControl "2700+45"]

1. e4 e6 2. d4 d5 3. e5 c5 4. c3 Nc6 5. a3 c4 6. Nf3 f6 7. Bf4 Nge7 8. exf6 gxf6
9. Nh4 Qb6 10. Qh5+ Kd7 11. Qe2 Ng6 12. Nxg6 hxg6 13. g3 Bd6 14. Bxd6 Kxd6 15.
Bg2 Ne7 16. Nd2 Qxb2 17. Nxc4+ dxc4 18. Qxb2 {Black resigns} 1-0

[Event "Team 45 45 League T49"]
[Site "Internet Chess Club"]
[Date "2011.07.02"]
[Round "8"]
[White "losscause"]
[Black "dinosaurs01"]
[Result "1/2-1/2"]
[WhiteElo "1604"]
[BlackElo "1467"]
[Opening "Queen's pawn game"]
[ECO "D04"]
[Time "09:04:41"]
[TimeControl "2700+45"]

1. d4 d5 2. Nf3 Nf6 3. e3 Bf5 4. Bd3 Bg6 5. Qe2 Nbd7 6. Nbd2 e6 7. Ne5 Nxe5 8.
dxe5 Nd7 9. Nf3 c5 10. c3 Qc7 11. e4 Nxe5 12. Nxe5 Qxe5 13. exd5 Qxe2+ 14. Bxe2
exd5 15. Bb5+ Kd8 16. O-O Kc7 17. Re1 Rd8 18. Bf4+ Bd6 19. Re7+ Kb6 20. Bxd6
Kxb5 21. a4+ Kc6 22. Bf4 Rhe8 23. Rc7+ Kb6 24. a5+ Kb5 25. Rxb7+ Kc4 26. Rxa7
Re2 27. Rb7 Ra8 28. a6 Rxa6 29. b3+ Kxc3 30. Rc1+ Kb2 31. h4 Ra1 32. Rxa1 Kxa1
33. Rc7 Re4 34. Rxc5 Rxf4 35. Rxd5 Rxh4 36. Rd8 Rb4 37. Rg8 Rxb3 38. Rd8 Rb7 39.
Rd6 f5 40. Rd4 Kb2 41. Rc4 Kb3 42. Rc5 Rd7 43. Rc6 Kb4 44. Rc1 Bf7 45. Rc6 g6
46. Rc1 Bc4 47. Re1 Kc5 48. Kh2 Kd6 49. Re8 Re7 50. Rd8+ Ke6 51. Rc8 Bd5 52. Rc3
Kf6 53. Rd3 Be6 54. Rd1 f4 55. Rc1 g5 56. Rd1 Bf5 57. Rc1 h5 58. Rc6+ Re6 59.
Rc1 Re2 60. Kg1 Be6 61. Kf1 Rb2 62. Rc6 Ke5 63. Rc5+ Bd5 64. Kg1 Rd2 65. Ra5 Kf5
66. Rb5 Kg4 67. Rb8 Kh4 68. Rb4 Rc2 69. Rd4 Be6 70. Re4 Bg4 71. Rd4 Re2 72. Rb4
Bf5 73. Rb3 Re4 74. Rc3 g4 75. g3+ Kg5 76. Kg2 Re1 77. Rc5 f3+ 78. Kh2 Rf1 79.
Rxf5+ Kxf5 {White stalemated} 1/2-1/2

[Event "Team 45 45 League T49"]
[Site "Internet Chess Club"]
[Date "2011.07.04"]
[Round "8"]
[White "anna"]
[Black "tightfist"]
[Result "1-0"]
[WhiteElo "1517"]
[BlackElo "1426"]
[Opening "Pirc: classical (two knights) system"]
[ECO "B08"]
[Time "11:02:59"]
[TimeControl "2700+45"]

1. e4 d6 2. d4 Nf6 3. Nc3 g6 4. Nf3 Bg7 5. Bd3 O-O 6. Be3 Nc6 7. Qd2 Bg4 8. h3
Bxf3 9. gxf3 e5 10. d5 Nb8 11. Rg1 a6 12. h4 h5 13. Bh6 Nbd7 14. Bxg7 Kxg7 15.
O-O-O Rg8 16. Ne2 Nc5 17. f4 Nfxe4 18. Bxe4 Nxe4 19. Qe3 f5 20. f3 Nf6 21. fxe5
dxe5 22. Qg5 Kh7 23. f4 e4 24. Nd4 Ng4 25. Qxd8 Raxd8 26. Ne6 Rc8 27. Ng5+ Kg7
28. d6 Ne3 29. d7 Nxd1 30. dxc8=Q Rxc8 31. Rxd1 Kg8 32. Rd7 b6 33. Ne6 e3 34.
Kd1 a5 35. Nxc7 Re8 36. Nxe8 Kf8 37. Nf6 {Black resigns} 1-0

[Event "Team 45 45 League T49"]
[Site "Internet Chess Club"]
[Date "2011.07.01"]
[Round "8"]
[White "PJ"]
[Black "kidviper"]
[Result "0-1"]
[WhiteElo "1689"]
[BlackElo "1950"]
[Opening "Sicilian: closed, 6.Be3"]
[ECO "B26"]
[Time "14:00:55"]
[TimeControl "2700+45"]

1. e4 c5 2. Nc3 Nc6 3. g3 g6 4. Bg2 Bg7 5. d3 d6 6. Be3 Nf6 7. h3 Qb6 8. Rb1 Nd4
9. Nge2 e5 10. Qd2 O-O 11. Nd1 Be6 12. b3 Nd7 13. c3 Nxe2 14. Qxe2 f5 15. f4 Qa5
16. Qd2 Rab8 17. O-O b5 18. Qc2 Qc7 19. Bd2 c4 20. dxc4 bxc4 21. b4 fxe4 22.
Qxe4 d5 23. Qe1 Qd6 24. a4 Bf5 25. Rc1 Rbe8 26. Qf2 Bd3 27. Re1 exf4 28. Rxe8
Rxe8 29. Bxf4 Be5 30. Ne3 Nf6 31. Bxe5 Qxe5 32. Re1 Qxc3 33. Nxd5 Qxe1+ {White
resigns} 0-1

[Event "Team 45 45 League T49"]
[Site "Internet Chess Club"]
[Date "2011.07.01"]
[Round "8"]
[White "Achelous"]
[Black "ElMarginal"]
[Result "1-0"]
[WhiteElo "1790"]
[BlackElo "1559"]
[Opening "Caro-Kann: advance variation"]
[ECO "B12"]
[Time "20:07:47"]
[TimeControl "2700+45"]

1. e4 c6 2. d4 d5 3. e5 Bf5 4. Nf3 Nd7 5. Be2 h6 6. O-O e6 7. Bf4 g5 8. Be3 Qb6
9. a4 Qxb2 10. Nbd2 Qxc2 11. a5 Ne7 12. Qe1 Bg4 13. Bd1 Qc3 14. Rb1 Rb8 15. Ne4
Qxe1 16. Nd6+ Kd8 17. Rxe1 Kc7 18. Nxf7 Rh7 19. Nd6 Nf5 20. Nxg5 hxg5 21. Bxg4
Bxd6 22. exd6+ Kxd6 23. Bxg5 Nxd4 24. Rbd1 c5 25. Rxd4 cxd4 26. Rxe6+ Kc5 27.
Bf4 Rg8 28. Be2 Kb4 29. Bd2+ Kc5 30. Bf4 Kb4 31. Rd6 Kc5 32. Bf3 Re8 33. Rxd5+
Kc4 34. g3 Nf6 35. Rf5 Ne4 36. Be5 Nd2 37. Bg2 Rhe7 38. f4 Kd3 39. Kf2 Ne4+ 40.
Kf3 Nd2+ 41. Kf2 Rc8 42. g4 Rc2 43. Kg3 Ne4+ 44. Bxe4+ Kxe4 45. Bf6 Rh7 46. Re5+
Kd3 47. h4 Kc4 48. Re4 Rd7 49. h5 Kc5 50. h6 d3 51. Be7+ Kb5 52. h7 Rc8 53. Re5+
Ka4 54. Re4+ Kb3 55. Re3 Kc2 56. Bb4 Rxh7 57. f5 Rch8 58. Kf4 d2 59. Re2 Rh2 60.
Rxh2 Rxh2 61. Bxd2 Kxd2 62. f6 b5 63. axb6 axb6 64. g5 b5 65. g6 b4 66. g7 b3
67. g8=Q b2 68. Qa2 Kc1 69. Qa3 Kc2 70. Qc5+ Kb3 71. Qg1 Rc2 72. f7 Rc1 73. Qb6+
Kc2 74. Qc5+ Kd1 75. Qd4+ Kc2 76. Qa4+ Kd2 77. Qa2 Rf1+ 78. Kg3 Rxf7 79. Qxb2+
Ke1 80. Qb1+ Kd2 81. Qa2+ {Black resigns} 1-0

[Event "Team 45 45 League T49"]
[Site "Internet Chess Club"]
[Date "2011.06.30"]
[Round "8"]
[White "kingsrook"]
[Black "kidcobra"]
[Result "1/2-1/2"]
[WhiteElo "1335"]
[BlackElo "1636"]
[Opening "Colle system"]
[ECO "D05"]
[Time "17:00:12"]
[TimeControl "2700+45"]

1. d4 d5 2. Nf3 Nf6 3. e3 e6 4. Bd3 c5 5. c3 Be7 6. Nbd2 cxd4 7. exd4 O-O 8. O-O
Bd6 9. Re1 Re8 10. Ne5 Nc6 11. Ndf3 h6 12. h3 Nd7 13. Bf4 Ndxe5 14. dxe5 Be7 15.
Bc2 Bf8 16. Qd3 g6 17. h4 Ne7 18. h5 Bg7 19. Bg3 Nf5 20. hxg6 fxg6 21. Bh2 Rf8
22. Nd4 Qh4 23. Nxf5 Rxf5 24. Qg3 Qxg3 25. Bxg3 Rf8 26. Bxg6 Bd7 27. Rad1 Rac8
28. Rd4 Bb5 29. Bd3 Be8 30. Rg4 Kf7 31. Rf4+ Kg8 32. Rg4 Kf7 33. Rf4+ Kg8 34.
Rg4 Kf7 35. Rf4+ {Game drawn by repetition} 1/2-1/2

[Event "Team 45 45 League T49"]
[Site "Internet Chess Club"]
[Date "2011.06.30"]
[Round "8"]
[White "LazyPeon"]
[Black "heartbreakkid"]
[Result "0-1"]
[WhiteElo "1767"]
[BlackElo "1848"]
[Opening "Nimzo-Indian: classical variation"]
[ECO "E32"]
[Time "17:04:47"]
[TimeControl "2700+45"]

1. d4 Nf6 2. c4 e6 3. Nc3 Bb4 4. Qc2 O-O 5. a3 Bxc3+ 6. Qxc3 b6 7. Bg5 Ba6 8. e3
Nc6 9. Nf3 Re8 10. Be2 Ne4 11. Bxd8 Nxc3 12. Bxc7 Nxe2 13. Kxe2 Rac8 14. Bd6
Bxc4+ 15. Kd2 Na5 16. Ke1 Bd5 17. Nd2 Rc2 18. e4 Nc4 19. Nxc4 Bxc4 20. Kd1 Rxf2
21. Rc1 Rc8 22. Rg1 Rxb2 {White resigns} 0-1

[Event "Team 45 45 League T49"]
[Site "Internet Chess Club"]
[Date "2011.07.04"]
[Round "8"]
[White "Buford-Julep"]
[Black "ticopatzer"]
[Result "1-0"]
[WhiteElo "1667"]
[BlackElo "1648"]
[Opening "Philidor: exchange variation"]
[ECO "C41"]
[Time "18:18:48"]
[TimeControl "2700+45"]

1. e4 e5 2. Nf3 d6 3. d4 exd4 4. Qxd4 Nc6 5. Bb5 Bd7 6. Bxc6 Bxc6 7. Nc3 Qe7 8.
Bf4 a6 9. O-O-O O-O-O 10. Qa7 f6 11. Nd4 Be8 12. Qa8+ Kd7 13. Qxb7 g5 14. Nd5
{Black resigns} 1-0

[Event "Team 45 45 League T49"]
[Site "Internet Chess Club"]
[Date "2011.07.04"]
[Round "8"]
[White "beitmery"]
[Black "CKNIGHT3"]
[Result "1-0"]
[WhiteElo "1615"]
[BlackElo "1585"]
[Opening "QGD semi-Slav"]
[ECO "D43"]
[Time "12:00:37"]
[TimeControl "2700+45"]

1. d4 d5 2. c4 c6 3. Nf3 Nf6 4. Nc3 e6 5. Bf4 Nbd7 6. c5 b6 7. b4 a5 8. a3 Nh5
9. e3 Nxf4 10. exf4 Qc7 11. Qd2 axb4 12. Na2 bxa3 13. cxb6 Qxb6 14. Bd3 Qb2 15.
O-O Bd6 16. g3 O-O 17. Bc2 Nf6 18. Rfb1 Ne4 19. Qd1 Nc3 20. Qd3 Nxb1 21. Qxh7#
{Black checkmated} 1-0

[Event "Team 45 45 League T49"]
[Site "Internet Chess Club"]
[Date "2011.07.04"]
[Round "8"]
[White "SirIvanhoe"]
[Black "rookmaster23"]
[Result "1-0"]
[WhiteElo "1503"]
[BlackElo "1481"]
[Opening "Sicilian: closed, 6.Be3"]
[ECO "B26"]
[Time "15:00:07"]
[TimeControl "2700+45"]

1. e4 c5 2. Nc3 Nc6 3. g3 g6 4. Bg2 Bg7 5. d3 d6 6. Be3 Rb8 7. Qd2 b5 8. a3 b4
9. axb4 Rxb4 10. b3 e6 11. Ra4 a5 12. Nge2 Nge7 13. Bh6 Bf6 14. O-O Bd7 15. Nd1
Rxa4 16. bxa4 Nd4 17. Nxd4 Bxd4 18. c3 Bf6 19. Nb2 Qb8 20. Rb1 Qb3 21. Qc1 Qxc3
22. Qxc3 Bxc3 23. Nc4 Bb4 24. Nxd6+ Kd8 25. Nxf7+ Ke8 26. Nxh8 Bxa4 27. Bf1 Nc6
28. Rc1 Nd4 29. Be3 Nb5 30. Bxc5 Bd2 31. Ra1 Bb3 32. Rb1 Ba4 33. d4 Nc3 34. Rb8+
Kd7 35. Nf7 Nxe4 36. Bb5+ Bxb5 37. Rxb5 Kc6 38. Rb6+ Kd5 39. Rb2 Bc3 40. Rb1 Nd2
41. Rd1 a4 42. Nh6 Kc4 43. Ng4 Nb3 44. Ne3+ Kb5 45. Nc2 Kc4 46. Na3+ Kd5 47. Kf1
Bb2 48. Ke2 Nxc5 49. dxc5+ Kxc5 50. Nb1 a3 51. Nxa3 Bxa3 52. Ra1 Bb2 53. Ra7 h5
54. h4 Kd5 55. Rd7+ Ke4 56. f3+ Ke5 57. Rg7 Kf5 58. Rf7+ Ke5 59. Kd3 Kd5 60. Rf8
Bd4 61. Rg8 {Black resigns} 1-0

[Event "Team 45 45 League T49"]
[Site "Internet Chess Club"]
[Date "2011.06.30"]
[Round "8"]
[White "baseball613"]
[Black "BrianWood"]
[Result "0-1"]
[WhiteElo "1341"]
[BlackElo "1569"]
[Opening "Queen's pawn game"]
[ECO "A46"]
[Time "22:00:09"]
[TimeControl "2700+45"]

1. d4 Nf6 2. Nf3 e6 3. Bf4 c5 4. c3 d5 5. e3 Nbd7 6. Bd3 c4 7. Bc2 Nh5 8. Bg3
Be7 9. Nbd2 f5 10. h3 Nxg3 11. fxg3 Qc7 12. Kf2 Bd6 13. Nf1 Nf6 14. Ng1 Bd7 15.
Ne2 O-O-O 16. Kg1 Ne4 17. Kh2 Nf2 18. Qe1 Nxh1 19. Kxh1 g5 20. a4 g4 21. a5 gxh3
22. gxh3 h5 23. a6 h4 24. axb7+ Qxb7 25. Qb1 hxg3 26. Nfxg3 Rxh3+ 27. Kg2 Rxg3+
28. Nxg3 Rg8 29. Qa2 Rxg3+ 30. Kf2 Rh3 31. Bd1 Rh2+ 32. Ke1 Rxb2 33. Qxa7 Qxa7
34. Rxa7 Bg3+ 35. Kf1 Bf2 36. Kg2 Bxe3+ 37. Kf3 Bd2 38. Be2 Bxc3 39. Ra3 Bxd4
40. Kf4 e5+ {White resigns} 0-1

[Event "Team 45 45 League T49"]
[Site "Internet Chess Club"]
[Date "2011.07.03"]
[Round "8"]
[White "sockmonkey"]
[Black "joshq03"]
[Result "1-0"]
[WhiteElo "1120"]
[BlackElo "1228"]
[Opening "Torre attack (Tartakower variation)"]
[ECO "D03"]
[Time "13:00:41"]
[TimeControl "2700+45"]

1. d4 d5 2. Nf3 Nf6 3. Bg5 Bf5 4. Bxf6 gxf6 5. c4 c6 6. Nc3 e6 7. e3 Bb4 8. Qb3
Qa5 9. a3 Bxc3+ 10. bxc3 Qc7 11. cxd5 cxd5 12. Bb5+ Nc6 13. Rc1 a6 14. Qa4 Rc8
15. Bxc6+ Qxc6 16. Qb3 Be4 17. c4 b5 18. O-O Rg8 19. Nh4 Rg4 20. cxd5 Qxc1 21.
f3 Qxf1+ 22. Kxf1 Rxh4 23. fxe4 Rc1+ 24. Ke2 Rxe4 25. dxe6 Rc4 26. exf7+ Kxf7
27. Kf3 Re6 28. d5 Ree4 29. Qd3 Ke7 30. Qxe4+ Rxe4 31. Kxe4 Kd6 32. Kd4 a5 33.
e4 b4 34. axb4 axb4 35. Kc4 b3 36. Kxb3 Ke5 37. Kc4 f5 38. exf5 Kxf5 39. Kc5 Ke5
40. Kc6 {Black resigns} 1-0

[Event "Team 45 45 League T49"]
[Site "Internet Chess Club"]
[Date "2011.07.05"]
[Round "8"]
[White "wildcat2023"]
[Black "kabubi"]
[Result "1-0"]
[WhiteElo "1336"]
[BlackElo "1142"]
[Opening "French: Rubinstein variation"]
[ECO "C10"]
[Time "11:33:06"]
[TimeControl "2700+45"]

1. e4 e6 2. d4 d5 3. Nc3 dxe4 4. Nxe4 Nd7 5. Nf3 Ngf6 6. Bg5 Be7 7. Nc3 O-O 8.
Bd3 a6 9. O-O c5 10. dxc5 Nxc5 11. Ne5 Qc7 12. Re1 Nxd3 13. Qxd3 Rd8 14. Qg3 Nh5
15. Qg4 Nf6 16. Qf4 b5 17. Qf3 Bb7 18. Qf4 Rd6 19. Qg3 Nh5 20. Qg4 Nf6 21. Qf4
Rf8 22. a4 b4 23. Qxb4 Rd2 24. Qb3 Rd4 25. Rad1 Rfd8 26. h3 Rxd1 27. Nxd1 Ne4
28. Bxe7 Qxe7 29. f3 Bd5 30. c4 Nd2 31. Qc3 Nb1 32. Qc2 Qb4 33. Re2 Qc5+ 34. Kh1
Bxc4 35. Nxc4 Qf5 36. Qxf5 Rxd1+ 37. Kh2 exf5 38. Re8# {Black checkmated} 1-0

[Event "Team 45 45 League T49"]
[Site "Internet Chess Club"]
[Date "2011.07.01"]
[Round "8"]
[White "tcianciola"]
[Black "iceface"]
[Result "0-1"]
[WhiteElo "1080"]
[BlackElo "1328"]
[Opening "Queen's gambit declined"]
[ECO "D30"]
[Time "14:33:30"]
[TimeControl "2700+45"]

1. d4 d5 2. c4 e6 3. Nf3 Nc6 4. Nc3 Nf6 5. Bg5 Bb4 6. e3 b6 7. Be2 Bb7 8. O-O
Bxc3 9. bxc3 h6 10. Bh4 O-O 11. cxd5 exd5 12. c4 dxc4 13. Bxc4 Qd6 14. h3 Na5
15. Bd3 Nd7 16. Bg3 Qe6 17. Bxc7 Rac8 18. Bg3 Rc3 19. Ne5 Nxe5 20. Bxe5 f6 21.
Bg3 f5 22. Qd2 Rfc8 23. Rfe1 Ra3 24. Rec1 Rxc1+ 25. Qxc1 Rxa2 26. Rxa2 Qxa2 27.
Bxf5 Qd5 28. Bb1 Qxg2# {White checkmated} 0-1

[Event "Team 45 45 League T49"]
[Site "Internet Chess Club"]
[Date "2011.07.05"]
[Round "8"]
[White "sibirica"]
[Black "Uwak"]
[Result "0-1"]
[WhiteElo "2345"]
[BlackElo "2427"]
[Opening "Sicilian: dragon, Yugoslav attack, Rauser variation"]
[ECO "B76"]
[Time "11:00:12"]
[TimeControl "2700+45"]

1. e4 c5 2. Nf3 d6 3. d4 cxd4 4. Nxd4 Nf6 5. Nc3 g6 6. Be3 Bg7 7. f3 Nc6 8. Qd2
O-O 9. O-O-O d5 10. Kb1 Nxd4 11. e5 Nf5 12. exf6 exf6 13. Nxd5 Nxe3 14. Qxe3 Be6
15. Bc4 f5 16. c3 Re8 17. Rhe1 Qa5 18. Bb3 Rad8 19. Nf4 Rxd1+ 20. Rxd1 Qxa2+ 21.
Kxa2 Bxb3+ 22. Kxb3 Rxe3 23. Rd8+ Bf8 24. Rb8 b6 25. Ra8 Re7 26. Nd5 Re2 27. Nf4
Rd2 28. h4 a5 29. Re8 b5 30. Re2 a4+ 31. Ka2 Rd1 32. Re5 Bd6 33. Rd5 Rxd5 34.
Nxd5 Kg7 35. c4 bxc4 36. Nb6 Kh6 37. Nxc4 Bc5 38. Ne5 f6 39. Nd7 Bd4 40. Ka3 Kh5
41. g3 f4 42. gxf4 Kxh4 43. Kxa4 Kg3 44. Nf8 Bxb2 45. Kb3 Ba1 46. f5 gxf5 47.
Nxh7 Kxf3 48. Kc2 Ke2 49. Nf8 f4 50. Ng6 Be5 51. Nh4 f3 52. Nxf3 Kxf3 {White
resigns} 0-1

[Event "Team 45 45 League T49"]
[Site "Internet Chess Club"]
[Date "2011.07.04"]
[Round "8"]
[White "searchforbobby1"]
[Black "zeigmata"]
[Result "1/2-1/2"]
[WhiteElo "2171"]
[BlackElo "2232"]
[Opening "Sicilian: Alapin's variation (2.c3)"]
[ECO "B22"]
[Time "12:41:25"]
[TimeControl "2700+45"]

1. e4 c5 2. c3 Nf6 3. e5 Nd5 4. d4 cxd4 5. Nf3 Nc6 6. cxd4 d6 7. Bc4 Nb6 8. Bb5
e6 9. Bg5 Be7 10. Bxe7 Qxe7 11. O-O O-O 12. Nc3 Bd7 13. Rc1 Rfd8 14. Qe2 dxe5
15. dxe5 a6 16. Bd3 Nb4 17. Bb1 Bc6 18. Rfd1 N6d5 19. Nxd5 Bxd5 20. a3 Nc6 21.
Be4 Bxe4 22. Qxe4 Rxd1+ 23. Rxd1 Rd8 24. Qc2 h6 25. h3 Rd7 26. Kh2 Rd5 27. Rxd5
exd5 28. Qf5 d4 29. Qe4 Qe6 30. Nxd4 Qc4 31. e6 f5 32. e7 Nxe7 33. Qxe7 Qxd4 34.
Qxb7 Qxf2 35. Qxa6 Qf4+ 36. Kh1 Qc1+ 37. Kh2 Qf4+ 38. Kg1 Qe3+ 39. Kh2 Qf4+
{Game drawn by repetition} 1/2-1/2